 Dungeon Crawl Stone Soup version 0.28-a0-1510-gd0f6b136d3 (webtiles) character file.

Game seed: 5128724120577881798

68 mdonais the Shooter (level 4, -3/38 HPs)
             Began as a Gnoll Wanderer on Jan 15, 2022.
             Succumbed to a kobold brigand's curare-tipped dart
             ... on level 3 of the Dungeon.
             The game lasted 00:07:34 (2051 turns).

mdonais the Shooter (Gnoll Wanderer)                Turns: 2051, Time: 00:07:34

Health: -3/38      AC: 19    Str: 16    XL:     4   Next: 19%
Magic:  11/11      EV:  5    Int: 10    God:
Gold:   125        SH:  0    Dex: 10    Spells: 12/13 levels left

rFire   . . .      SeeInvis .   a - +2 shortbow
rCold   . . .      Faith    .   (shield currently unavailable)
rNeg    . . .      Spirit   .   k - +8 plate armour {ponderous}
rPois   .          Reflect  .   c - +0 helmet
rElec   .          Harm     .   (no cloak)
rCorr   .          Rampage  .   (no gloves)
Will    .....                   (no boots)
Stlth   ..........              (no amulet)
HPRegen 0.12/turn               (no ring)
MPRegen 0.12/turn               (no ring)

@: lethally poisoned (-3 -> -21), slowed, very slow
A: fangs 1, strong nose, distributed training
a: no special abilities


You were on level 3 of the Dungeon.
You visited 1 branch of the dungeon, and saw 3 of its levels.

You collected 125 gold pieces.

Inventory:

Hand Weapons
 a - a +2 shortbow (weapon)
 b - a +0 dagger
   (You took it off a goblin on level 1 of the Dungeon)
 o - a +0 hand axe
   (You took it off a kobold on level 2 of the Dungeon)
Missiles
 e - 16 arrows (quivered ammo)
 g - 138 stones
 l - 5 poisoned darts
 m - 17 sling bullets
Armour
 c - a +0 helmet (worn)
 d - a +0 leather armour
 k - a +8 plate armour of ponderousness (worn)
   (You found it on level 1 of the Dungeon)
Wands
 P - a wand of paralysis (6)
   (You found it on level 3 of the Dungeon)
Scrolls
 f - 3 scrolls of teleportation {unknown}
 h - 3 scrolls of amnesia {unknown}
 j - 5 scrolls of identify {unknown}
Potions
 i - a potion of curing {unknown}
 n - a potion of berserk rage {unknown}
 p - a potion of mutation {unknown}


   Skills:
 + Level 4.6 Fighting
 + Level 1.0 Short Blades
 + Level 1.0 Long Blades
 + Level 1.0 Axes
 + Level 1.0 Maces & Flails
 + Level 1.0 Polearms
 + Level 1.0 Staves
 + Level 1.0 Slings
 + Level 6.6 Bows
 + Level 1.0 Crossbows
 + Level 2.7 Throwing
 + Level 1.0 Armour
 + Level 2.7 Dodging
 + Level 1.0 Stealth
 + Level 1.0 Shields
 + Level 1.0 Unarmed Combat
 + Level 5.0 Spellcasting
 + Level 0.8 Conjurations
 + Level 0.8 Hexes
 + Level 0.8 Summonings
 + Level 0.8 Necromancy
 + Level 0.8 Translocations
 + Level 0.8 Transmutations
 + Level 2.2 Fire Magic
 + Level 0.8 Ice Magic
 + Level 0.8 Air Magic
 + Level 0.8 Earth Magic
 + Level 0.8 Poison Magic
 + Level 1.1 Invocations
 + Level 1.0 Evocations


You had 12 spell levels left.
You knew the following spells:

 Your Spells              Type           Power      Damage    Failure   Level
a - Foxfire               Conj/Fire      20%        2x1d5     100%        1

Your spell library contained the following spells:

 Spells                   Type           Power      Damage    Failure   Level
 Animate Skeleton         Necr           8%         N/A       100%        1
 Pain                     Necr           16%        1d4       100%        1
 Inner Flame              Hex/Fire       5%         N/A       100%        3
 Vampiric Draining        Necr           4%         2d6       100%        3


Dungeon Overview and Level Annotations

Branches:
Dungeon (3/15)

Altars:


Innate Abilities, Weirdness & Mutations

You have very sharp teeth.
Your uncanny sense of smell can sniff out nearby items.
Your experience applies equally to all skills.


Message History

You shoot an arrow. The arrow hits the kobold!
You kill the kobold!
b - a +0 dagger (weapon)
A kobold comes into view. It is wielding a +0 dagger.
The kobold hits you but does no damage.
Things that are here:
an arrow; a +0 club You closely miss the kobold.
You bite the kobold, but do no damage. The kobold hits you with a +0 club.
A hobgoblin comes into view. It is wielding a +0 club.
You take 2 damage, and have 36/38 hp.
You barely miss the kobold. Your bite misses the kobold.
The kobold hits you but does no damage.
You closely miss the kobold. The kobold hits you but does no damage.
The kobold hits you but does no damage.
You closely miss the kobold. The kobold hits you but does no damage.
You hit the kobold. Your bite misses the kobold.
The kobold is heavily wounded.
You closely miss the kobold. Your bite misses the kobold.
The kobold is heavily wounded.
The kobold hits you but does no damage.
You barely miss the kobold.
The kobold is heavily wounded.
The kobold hits you but does no damage.
You closely miss the kobold.
The kobold is heavily wounded.
The kobold hits you but does no damage.
Health restored: 38 You barely miss the kobold.
The kobold is heavily wounded.
The kobold hits you but does no damage.
You closely miss the kobold. Your bite misses the kobold.
The kobold is heavily wounded.
The kobold hits you but does no damage.
You hit the kobold. You bite the kobold.
You kill the kobold!
You completely miss the kobold. The kobold hits you but does no damage.
You barely miss the kobold. The kobold hits you but does no damage.
You completely miss the kobold. Your bite misses the kobold.
The kobold hits you but does no damage.
You miss the kobold. The kobold hits you but does no damage.
You hit the kobold. Your bite misses the kobold.
The kobold is heavily wounded.
The kobold hits you but does no damage.
You hit the kobold.
The kobold is severely wounded.
The kobold completely misses you.
You closely miss the kobold. You bite the kobold.
You kill the kobold!
The hobgoblin hits you with a +0 club.
A kobold comes into view. It is wielding a +0 club.
The hobgoblin hits you but does no damage.
Items here: )) ††.
You take 2 damage, and have 36/38 hp.
You hit the hobgoblin but do no damage. The hobgoblin hits you with a +0 club.
You take 1 damage, and have 35/38 hp.
You hit the hobgoblin.
The hobgoblin is severely wounded.
You hit the hobgoblin.
The hobgoblin is almost dead.
The hobgoblin hits you but does no damage.
You hit the hobgoblin.
You kill the hobgoblin!
A kobold comes into view. It is wielding a +0 dagger.
The kobold shouts!
You hit the kobold. You bite the kobold, but do no damage.
The kobold is severely wounded.
The kobold hits you but does no damage.
You hit the kobold.
You kill the kobold!
Things that are here:
a +0 club; an arrow; a +0 club You hit the kobold but do no damage.
You bite the kobold, but do no damage. The kobold hits you but does no damage.
You closely miss the kobold. Your bite misses the kobold.
The kobold hits you but does no damage.
You hit the kobold. Your punch misses the kobold.
The kobold is moderately wounded.
The kobold hits you but does no damage.
You barely miss the kobold.
The kobold is moderately wounded.
The kobold barely misses you.
You barely miss the kobold. You bite the kobold, but do no damage.
The kobold is moderately wounded.
The kobold hits you but does no damage.
A kobold comes into view. It is wielding a +0 dagger.
The kobold shouts!
You hit the kobold. You bite the kobold.
You kill the kobold!
You see here a +0 dagger.
The kobold hits you but does no damage.
You hit the kobold.
The kobold is severely wounded.
The kobold hits you but does no damage.
You barely miss the kobold.
The kobold is severely wounded.
The kobold hits you but does no damage.
You hit the kobold.
You kill the kobold!
No target in view!
You see here a +0 dagger.
e - 17 arrows (gained 1)
Things that are here:
a +0 club; a +0 club Health restored: 38
Things that are here:
a +0 club; a hobgoblin corpse
Items here: )) ††.
Search for what [Enter for "."]? weapon Unknown command.
Things that are here:
a +0 dagger; a kobold corpse
a - a +2 shortbow (weapon)
A kobold brigand comes into view.
It is wielding a +0 club and quivering curare-tipped darts.
Unknown command.
Okay, then.
You shoot an arrow. The kobold brigand shouts!
The arrow hits the kobold brigand.
The kobold brigand is lightly wounded.
The kobold brigand throws a curare-tipped dart.
The curare-tipped dart hits you.
You are poisoned.
You have difficulty breathing.
You feel yourself slow down.
You take 11 damage, and have 27/38 hp.
MASSIVE DAMAGE!!
Aiming: Paralyse
Press: ? - help, Shift-Dir - straight line, f/p - kobold brigand
Aim: a kobold brigand, wielding a +0 club, wearing a +0 scale mail and quivering curare-tipped darts (lightly wounded, chance to affect: 50%)
The kobold brigand resists with significant effort.
You feel very sick.
The kobold brigand throws a curare-tipped dart.
The curare-tipped dart hits you.
You are lethally poisoned!
You have difficulty breathing.
* * * LOW HITPOINT WARNING * * *
You feel as though you will be slow longer.
You take 16 damage, and have 11/38 hp.
MASSIVE DAMAGE!!
Aiming: Paralyse
Press: ? - help, Shift-Dir - straight line, f/p - kobold brigand
Aim: a kobold brigand, wielding a +0 club, wearing a +0 scale mail and quivering curare-tipped darts (lightly wounded, chance to affect: 50%)
The kobold brigand resists with significant effort.
* * * LOW HITPOINT WARNING * * *
You feel extremely sick.
You take 8 damage, and have 3/38 hp.
MASSIVE DAMAGE!!
Aiming: Paralyse
Press: ? - help, Shift-Dir - straight line, f/p - kobold brigand
Aim: a kobold brigand, wielding a +0 club, wearing a +0 scale mail and quivering curare-tipped darts (lightly wounded, chance to affect: 50%)
The kobold brigand resists with significant effort.
You die...

#...#...............#
#.
#...#.....###########
. ####...#.....# #
#......#######
#####.#########
......###.....###
#####......)....######
#).))#####.......###
#)####≈≈≈###@....K.(
#.# ≈≈≈≈≈≈≈######...
##.##≈≈≈≈≈≈≈≈ #
#..####≈≈≈#### ##.##
##### #..# ##.## #..#
#.##


You could see a kobold brigand.

Vanquished Creatures
  A gnoll (D:1)
  2 adders
  3 bats
  An endoplasm (D:3)
  2 giant cockroaches (D:2)
  3 goblins
  6 hobgoblins
  7 kobolds
  A quokka (D:1)
  7 ball pythons
  2 frilled lizards
  3 rats
38 creatures vanquished.

Vanquished Creatures (others)
  45 foxfires
45 creatures vanquished.

Grand Total: 83 creatures vanquished

Notes
Turn   | Place    | Note
-------+----------+-------------------------------------------
     0 | D:1      | mdonais the Gnoll Wanderer began the quest for the Orb.
     0 | D:1      | mdonais set off with the following items: a +2 shortbow, 21
                  | arrows, a +0 helmet, a +0 leather armour; and the following
                  | spell memorised: Foxfire; and the following spells
                  | available to memorise: Inner Flame
     0 | D:1      | Reached XP level 1. HP: 20/20 MP: 6/6
   463 | D:1      | Reached XP level 2. HP: 26/26 MP: 5/7
   950 | D:2      | Reached XP level 3. HP: 31/31 MP: 3/9
  1009 | D:2      | Reached skill level 5 in Spellcasting
  1364 | D:2      | Reached skill level 1 in Invocations
  1913 | D:3      | Found a faded altar of an unknown god.
  1923 | D:3      | Reached skill level 1 in Short Blades
  1923 | D:3      | Reached skill level 1 in Long Blades
  1923 | D:3      | Reached skill level 1 in Axes
  1923 | D:3      | Reached skill level 1 in Maces & Flails
  1923 | D:3      | Reached skill level 1 in Polearms
  1923 | D:3      | Reached skill level 1 in Staves
  1923 | D:3      | Reached skill level 1 in Slings
  1923 | D:3      | Reached skill level 1 in Crossbows
  1923 | D:3      | Reached skill level 1 in Armour
  1923 | D:3      | Reached skill level 1 in Stealth
  1923 | D:3      | Reached skill level 1 in Shields
  1923 | D:3      | Reached skill level 1 in Unarmed Combat
  1923 | D:3      | Reached skill level 1 in Evocations
  1923 | D:3      | Reached XP level 4. HP: 38/38 MP: 11/11
  2047 | D:3      | Noticed a kobold brigand
  2051 | D:3      | Succumbed to a kobold brigand's curare-tipped dart

Illustrated notes

Levels and vault maps discovered:
D:1:      dpeg_arrival_rooms_c, layout_loops_ring, serial_forest,
          infiniplex_forest_end_1, infiniplex_forest_side_room,
          infiniplex_forest_lined_room_2, infiniplex_forest_lined_corner,
          infiniplex_forest_zigzag_2
D:2:      layout_basic, columned_hall_lemuel, dk_noncrumbling_3
D:3:      cheibrodos_thug_alley, layout_basic, ebering_ecumenical_altar_rust,
          uniq_natasha

Skill      XL: |  1  2  3 |
---------------+----------+-----
Fire Magic     | 2 |  2.2
Spellcasting   | 5 |  5.0
Invocations    | 1 |  1.1
Short Blades   | 1 |  1.0
Long Blades    | 1 |  1.0
Axes           | 1 |  1.0
Maces & Flails | 1 |  1.0
Polearms       | 1 |  1.0
Staves         | 1 |  1.0
Slings         | 1 |  1.0
Crossbows      | 1 |  1.0
Armour         | 1 |  1.0
Stealth        | 1 |  1.0
Shields        | 1 |  1.0
Unarmed Combat | 1 |  1.0
Evocations     | 1 |  1.0
Fighting       | |  4.6
Bows           | |  6.6
Throwing       | |  2.7
Dodging        | |  2.7
Conjurations   | |  0.8
Hexes          | |  0.8
Summonings     | |  0.8
Necromancy     | |  0.8
Translocations | |  0.8
Transmutations | |  0.8
Ice Magic      | |  0.8
Air Magic      | |  0.8
Earth Magic    | |  0.8
Poison Magic   | |  0.8

Action                   |  1- 3 |  4- 6 || total
-------------------------+-------+-------++-------
Melee: Dagger            |    59 |    35 ||    94
       Bite              |     6 |     9 ||    15
       Hand axe          |     3 |       ||     3
       Punch             |     3 |       ||     3
 Fire: Shortbow          |    14 |     3 ||    17
 Cast: Foxfire           |    32 |       ||    32
Evoke: Wand              |       |     3 ||     3
Armor: Leather armour    |     3 |       ||     3
       Plate armour      |    53 |    26 ||    79
Dodge: Dodged            |    18 |     2 ||    20

Table legend: (Time is in decaauts)
 A = Elapsed time spent in this place.
 B = Non-inter-level travel time spent in this place.
 C = Inter-level travel time spent in this place.
 D = Time resting spent in this place.
 E = Time spent auto-exploring this place.
 F = Levels seen in this place.
 G = Mean time per level.
                   A        B        C        D        E       F      G
               +--------+--------+--------+--------+--------+-----+--------+
         Total |   2107 |   2076 |     31 |    350 |   1306 |   3 |  702.3 |
       Dungeon |   2107 |   2076 |     31 |    350 |   1306 |   3 |  702.3 |
               +--------+--------+--------+--------+--------+-----+--------+

Top non-repeatable levels by time:
     D:2: 878 daAuts
     D:1: 877 daAuts
     D:3: 350 daAuts
